[ AOE2 MATCH · #477795857 ]
UnrankedMalians vs Romans
[ REPLAY ANALYSIS · EXTRACTED FROM THE RECORDED GAME ]
Feudal
10:53
Castle
16:28
Imperial
31:34
| APM avg | 22.8 |
| APM peak | 59 |
| eAPM avg | 16.0 |
| Villagers / military | 141 / 62 |
Focus
⚔️ 32.3% · 🌾 67.7%
Unknown (882) ×142 · Knight ×30 · Gbeto ×21 · Trebuchet (Packed) ×7 · Camel Scout ×3 · Mangonel ×1
Feudal
10:49
Castle
18:30
Imperial
36:38
| APM avg | 16.0 |
| APM peak | 44 |
| eAPM avg | 11.7 |
| Villagers / military | 142 / 169 |
Focus
⚔️ 24.7% · 🌾 75.3%
Longbowman ×84 · Archer ×45 · Scout Cavalry ×40 · Trade Cart ×15
Feudal
9:56
Castle
14:36
Imperial
29:14
| APM avg | 24.4 |
| APM peak | 76 |
| eAPM avg | 10.2 |
| Villagers / military | 84 / 62 |
Focus
⚔️ 26.9% · 🌾 73.1%
Scorpion ×23 · Skirmisher ×17 · Militia ×16 · Centurion ×3 · Mangonel ×1 · Battering Ram ×1
Feudal
10:59
Castle
16:17
Imperial
31:45
| APM avg | 54.5 |
| APM peak | 134 |
| eAPM avg | 21.0 |
| Villagers / military | 128 / 109 |
Focus
⚔️ 28.9% · 🌾 71.1%
Mangonel ×64 · Mangudai ×23 · Knight ×9 · Battering Ram ×8 · Scorpion ×4 · Scout Cavalry ×1
Feudal
9:50
Castle
19:17
Imperial
32:51
| APM avg | 27.1 |
| APM peak | 78 |
| eAPM avg | 14.5 |
| Villagers / military | 111 / 123 |
Focus
⚔️ 33.6% · 🌾 66.4%
Longbowman ×121 · Trebuchet (Packed) ×2
Feudal
11:10
Castle
15:55
Imperial
27:48
| APM avg | 37.6 |
| APM peak | 87 |
| eAPM avg | 24.2 |
| Villagers / military | 109 / 98 |
Focus
⚔️ 23.8% · 🌾 76.2%
Scout Cavalry ×64 · Genoese Crossbowman ×19 · Bombard Cannon ×12 · Spearman ×2 · Mangonel ×1
Feudal
11:43
Castle
17:44
Imperial
40:18
| APM avg | 18.8 |
| APM peak | 36 |
| eAPM avg | 10.8 |
| Villagers / military | 104 / 167 |
Focus
⚔️ 32.4% · 🌾 67.6%
Skirmisher ×88 · Teutonic Knight ×43 · Spearman ×28 · Monk ×4 · Mangonel ×4
Feudal
10:55
Castle
14:51
Imperial
30:34
| APM avg | 16.6 |
| APM peak | 42 |
| eAPM avg | 12.9 |
| Villagers / military | 140 / 97 |
Focus
⚔️ 19.0% · 🌾 81.0%
Archer ×86 · Camel Scout ×7 · Bombard Cannon ×4
Match map
Initial resources + every placement click. Lines = walls · curves = elevation contours. ◆ gold · ⬟ stone · ● berries · ✦ relic · ◌ wall gap
Your base· ✓ Closed at 16:28 · 0t walls · 2 gate(s)
bastefan's base· ✓ Closed at 18:30 · 0t walls · 2 gate(s)
Sebz's base· ✓ Closed at 14:36 · 0t walls · 3 gate(s)
BottleDry's base· ✓ Closed at 16:17 · 14t walls · 3 gate(s)
Rookie's base· ✓ Closed at 19:17 · 0t walls · 2 gate(s)
Azom's base· ✓ Closed at 15:55 · 0t walls · 2 gate(s)
SamyTheSeal's base· ✓ Closed at 17:44 · 0t walls · 2 gate(s)
ihhn0t's base· ✓ Closed at 14:51 · 0t walls · 2 gate(s)
Smoothed initial terrain · ◌ = detected wall gap · hover for details
Inputs per minute
— ASV - - bastefan
Build order — ASV
First 150 of 365 actions detected
| 0:07 | Create | Villager (Male) ×4 |
| 0:07 | Create | Villager (Male) ×4 |
| 0:14 | Build | House |
| 0:16 | Build | House |
| 1:42 | Create | Villager (Male) |
| 1:42 | Create | Villager (Male) |
| 1:42 | Create | Villager (Male) |
| 1:57 | Create | Villager (Male) |
| 1:57 | Create | Villager (Male) |
| 1:58 | Create | Villager (Male) |
| 2:30 | Create | Villager (Male) |
| 2:31 | Create | Villager (Male) |
| 2:50 | Create | Villager (Male) |
| 2:50 | Create | Villager (Male) |
| 3:12 | Create | Villager (Male) |
| 3:12 | Create | Villager (Male) |
| 3:44 | Create | Villager (Male) |
| 3:45 | Create | Villager (Male) |
| 4:00 | Build | House |
| 4:01 | Build | House |
| 4:13 | Create | Villager (Male) |
| 4:13 | Create | Villager (Male) |
| 4:31 | Build | Mill |
| 4:35 | Create | Villager (Male) |
| 4:36 | Create | Villager (Male) |
| 4:36 | Create | Villager (Male) |
| 4:50 | Create | Villager (Male) |
| 4:50 | Create | Villager (Male) |
| 4:50 | Create | Villager (Male) |
| 5:16 | Create | Villager (Male) |
| 5:16 | Create | Villager (Male) |
| 5:16 | Create | Villager (Male) |
| 5:49 | Build | Lumber Camp |
| 5:58 | Create | Villager (Male) |
| 5:58 | Create | Villager (Male) |
| 5:59 | Create | Villager (Male) |
| 5:59 | Create | Villager (Male) |
| 5:59 | Create | Villager (Male) |
| 6:40 | Create | Villager (Male) |
| 6:40 | Create | Villager (Male) |
| 6:46 | Create | Villager (Male) |
| 6:46 | Create | Villager (Male) |
| 8:16 | Build | Mining Camp |
| 8:43 | Research | Feudal Age |
| 8:44 | Research | Feudal Age |
| 8:56 | Build | House |
| 8:57 | Build | House |
| 9:00 | Build | House |
| 9:13 | Build | Mill |
| 10:04 | Create | Villager (Male) |
| 10:05 | Create | Villager (Male) |
| 10:05 | Create | Villager (Male) |
| 10:05 | Create | Villager (Male) |
| 10:26 | Create | Villager (Male) |
| 10:53 | Age | Feudal Age |
| 11:04 | Build | Market |
| 11:16 | Build | Blacksmith |
| 11:21 | Build | Market |
| 12:44 | Create | Villager (Male) |
| 13:48 | Research | Castle Age |
| 13:49 | Research | Castle Age |
| 14:27 | Research | Horse Collar |
| 14:40 | Build | Farm |
| 14:42 | Build | Farm |
| 14:43 | Build | Farm |
| 14:44 | Build | Farm |
| 14:46 | Build | Farm |
| 14:57 | Build | House |
| 14:58 | Build | House |
| 15:00 | Build | House |
| 15:11 | Build | Farm |
| 15:13 | Build | Farm |
| 15:15 | Build | Farm |
| 15:57 | Research | Double-Bit Axe |
| 16:00 | Create | Villager (Male) |
| 16:00 | Create | Villager (Male) |
| 16:00 | Create | Villager (Male) |
| 16:13 | Build | Farm |
| 16:28 | Age | Castle Age |
| 16:36 | Build | Siege Workshop |
| 16:48 | Build | Town Center |
| 17:07 | Build | Farm |
| 17:15 | Create | Mangonel |
| 17:27 | Create | Villager (Male) |
| 17:37 | Build | Town Center |
| 17:48 | Build | Farm |
| 17:53 | Build | Farm |
| 18:00 | Create | Villager (Male) |
| 18:17 | Create | Villager (Male) |
| 18:19 | Create | Villager (Male) |
| 18:19 | Create | Villager (Male) |
| 18:27 | Build | Farm |
| 18:35 | Create | Villager (Male) |
| 18:40 | Build | Farm |
| 18:42 | Build | Farm |
| 18:50 | Create | Villager (Male) |
| 18:52 | Create | Villager (Male) |
| 19:11 | Build | Farm |
| 19:13 | Build | Farm |
| 19:17 | Create | Villager (Male) |
| 19:19 | Create | Villager (Male) |
| 19:20 | Create | Villager (Male) |
| 19:29 | Build | Farm |
| 19:34 | Create | Villager (Male) |
| 19:35 | Create | Villager (Male) |
| 19:48 | Build | Mining Camp |
| 19:54 | Create | Villager (Male) |
| 19:56 | Create | Villager (Male) |
| 20:02 | Build | Farm |
| 20:04 | Build | Farm |
| 20:06 | Build | Farm |
| 20:21 | Build | Farm |
| 20:24 | Create | Villager (Male) |
| 20:24 | Create | Villager (Male) |
| 20:26 | Create | Villager (Male) |
| 20:28 | Create | Villager (Male) |
| 20:58 | Research | Stone Mining |
| 20:59 | Create | Villager (Male) |
| 21:00 | Create | Villager (Male) |
| 21:01 | Create | Villager (Male) |
| 21:10 | Build | Farm |
| 21:11 | Build | Farm |
| 21:12 | Build | Farm |
| 21:16 | Create | Villager (Male) |
| 21:17 | Create | Villager (Male) |
| 21:17 | Create | Villager (Male) |
| 21:33 | Create | Villager (Male) |
| 21:33 | Create | Villager (Male) |
| 21:46 | Build | Farm |
| 21:48 | Build | Farm |
| 22:18 | Build | Town Center |
| 22:21 | Create | Villager (Male) |
| 22:23 | Create | Villager (Male) |
| 22:23 | Create | Villager (Male) |
| 22:24 | Create | Villager (Male) |
| 22:24 | Create | Villager (Male) |
| 22:30 | Build | Farm |
| 22:33 | Create | Villager (Male) |
| 22:50 | Build | House |
| 22:52 | Build | House |
| 22:53 | Build | House |
| 22:54 | Build | House |
| 22:59 | Create | Villager (Male) |
| 23:01 | Create | Villager (Male) |
| 23:01 | Create | Villager (Male) |
| 23:01 | Create | Villager (Male) |
| 23:09 | Build | House |
| 23:11 | Build | House |
| 23:17 | Create | Villager (Male) |
| 23:21 | Research | Wheelbarrow |
Build order — bastefan
First 150 of 383 actions detected
| 0:02 | Create | Villager (Male) |
| 0:02 | Create | Villager (Male) |
| 0:02 | Create | Villager (Male) |
| 0:04 | Build | House |
| 0:06 | Build | House |
| 0:51 | Create | Villager (Male) |
| 1:45 | Create | Villager (Male) |
| 1:46 | Create | Villager (Male) |
| 1:46 | Create | Villager (Male) |
| 1:51 | Build | Lumber Camp |
| 2:14 | Create | Villager (Male) |
| 2:14 | Create | Villager (Male) |
| 2:41 | Create | Villager (Male) |
| 2:41 | Create | Villager (Male) |
| 2:42 | Create | Villager (Male) |
| 3:18 | Create | Villager (Male) |
| 3:19 | Create | Villager (Male) |
| 3:19 | Create | Villager (Male) |
| 4:01 | Build | House |
| 4:03 | Build | House |
| 4:54 | Create | Villager (Male) |
| 4:54 | Create | Villager (Male) |
| 4:54 | Create | Villager (Male) |
| 4:55 | Create | Villager (Male) |
| 4:55 | Create | Villager (Male) |
| 5:21 | Build | Mill |
| 5:49 | Create | Villager (Male) |
| 6:19 | Create | Villager (Male) |
| 6:19 | Create | Villager (Male) |
| 6:44 | Build | Mill |
| 6:56 | Create | Villager (Male) |
| 6:56 | Create | Villager (Male) |
| 7:30 | Build | Mining Camp |
| 7:43 | Build | House |
| 7:45 | Build | House |
| 8:21 | Build | Mining Camp |
| 8:27 | Research | Feudal Age |
| 8:46 | Research | Loom |
| 9:30 | Build | Barracks |
| 9:35 | Build | House |
| 9:37 | Build | House |
| 9:43 | Create | Villager (Male) |
| 9:43 | Create | Villager (Male) |
| 9:43 | Create | Villager (Male) |
| 9:44 | Create | Villager (Male) |
| 10:49 | Age | Feudal Age |
| 11:00 | Build | Market |
| 11:15 | Research | Double-Bit Axe |
| 11:18 | Research | Horse Collar |
| 11:58 | Research | Wheelbarrow |
| 12:03 | Create | Villager (Male) |
| 12:03 | Create | Villager (Male) |
| 12:05 | Create | Villager (Male) |
| 12:26 | Build | Blacksmith |
| 12:39 | Build | Farm |
| 13:00 | Build | Farm |
| 13:46 | Build | Farm |
| 13:48 | Build | Farm |
| 13:59 | Build | Farm |
| 14:09 | Build | Farm |
| 15:16 | Build | Farm |
| 15:17 | Build | Farm |
| 15:23 | Build | Farm |
| 15:25 | Build | Farm |
| 15:32 | Build | Farm |
| 15:50 | Research | Castle Age |
| 16:49 | Build | Archery Range |
| 17:00 | Create | Villager (Male) |
| 17:00 | Create | Villager (Male) |
| 17:01 | Create | Villager (Male) |
| 17:01 | Create | Villager (Male) |
| 17:21 | Research | Town Watch |
| 17:29 | Research | Stone Mining |
| 17:38 | Research | Gold Mining |
| 18:30 | Age | Castle Age |
| 18:53 | Build | Town Center |
| 19:03 | Build | Castle |
| 19:09 | Research | Fletching |
| 19:11 | Research | Bow Saw |
| 19:14 | Research | Heavy Plow |
| 19:50 | Build | University |
| 20:13 | Create | Villager (Male) |
| 20:14 | Create | Villager (Male) |
| 20:15 | Create | Villager (Male) |
| 20:17 | Create | Villager (Male) |
| 20:17 | Create | Villager (Male) |
| 20:18 | Create | Villager (Male) |
| 20:38 | Build | Farm |
| 20:39 | Build | Farm |
| 20:39 | Build | Farm |
| 20:40 | Build | Farm |
| 20:53 | Create | Villager (Male) |
| 20:53 | Create | Villager (Male) |
| 21:28 | Build | Town Center |
| 21:33 | Create | Villager (Male) |
| 21:34 | Create | Villager (Male) |
| 21:36 | Create | Villager (Male) |
| 21:47 | Build | Town Center |
| 21:53 | Create | Villager (Male) |
| 22:06 | Research | Gold Shaft Mining |
| 22:23 | Research | Ballistics |
| 22:55 | Build | House |
| 22:55 | Build | House |
| 22:57 | Build | House |
| 22:58 | Build | House |
| 23:11 | Build | Town Center |
| 23:15 | Create | Villager (Male) |
| 23:16 | Create | Villager (Male) |
| 23:17 | Create | Villager (Male) |
| 23:18 | Create | Villager (Male) |
| 23:21 | Create | Villager (Male) |
| 23:22 | Create | Villager (Male) |
| 23:23 | Create | Villager (Male) |
| 23:24 | Create | Villager (Male) |
| 23:41 | Create | Villager (Male) |
| 23:41 | Create | Villager (Male) |
| 23:41 | Create | Villager (Male) |
| 23:42 | Create | Villager (Male) |
| 23:46 | Build | Farm |
| 23:49 | Build | Farm |
| 24:10 | Build | Lumber Camp |
| 24:22 | Research | Bodkin Arrow |
| 24:25 | Create | Longbowman |
| 24:26 | Create | Longbowman |
| 24:26 | Create | Longbowman |
| 24:26 | Create | Longbowman |
| 24:27 | Create | Longbowman |
| 24:27 | Create | Longbowman |
| 24:27 | Create | Longbowman |
| 24:43 | Create | Villager (Male) |
| 24:44 | Create | Villager (Male) |
| 24:44 | Create | Villager (Male) |
| 24:45 | Create | Villager (Male) |
| 24:50 | Build | Farm |
| 24:50 | Build | Farm |
| 24:50 | Build | Farm |
| 24:57 | Build | Farm |
| 24:57 | Build | Farm |
| 25:03 | Create | Villager (Male) |
| 25:03 | Create | Villager (Male) |
| 25:12 | Create | Villager (Male) |
| 25:14 | Create | Longbowman |
| 25:14 | Create | Longbowman |
| 25:21 | Build | House |
| 25:22 | Build | House |
| 25:23 | Build | House |
| 25:25 | Build | House |
| 25:26 | Build | House |
| 25:27 | Build | House |
| 25:34 | Build | Market |
Build order — Sebz
First 150 of 235 actions detected
| 0:03 | Create | Villager (Male) |
| 0:03 | Create | Villager (Male) |
| 0:03 | Create | Villager (Male) |
| 0:03 | Create | Villager (Male) |
| 0:07 | Build | House |
| 0:08 | Build | House |
| 1:47 | Create | Villager (Male) |
| 2:13 | Create | Villager (Male) |
| 2:24 | Build | Lumber Camp |
| 2:28 | Create | Villager (Male) |
| 2:28 | Create | Villager (Male) |
| 3:03 | Create | Villager (Male) |
| 3:03 | Create | Villager (Male) |
| 3:31 | Build | House |
| 4:06 | Create | Villager (Male) |
| 4:06 | Create | Villager (Male) |
| 4:06 | Create | Villager (Male) |
| 4:09 | Create | Villager (Male) |
| 4:32 | Build | Mill |
| 5:22 | Create | Villager (Male) |
| 5:55 | Build | House |
| 6:18 | Create | Villager (Male) |
| 6:58 | Create | Villager (Male) |
| 7:41 | Build | Mill |
| 7:46 | Research | Feudal Age |
| 7:46 | Research | Feudal Age |
| 7:48 | Create | Villager (Male) |
| 9:19 | Create | Villager (Male) |
| 9:51 | Build | Mining Camp |
| 9:56 | Age | Feudal Age |
| 10:05 | Build | Blacksmith |
| 10:31 | Create | Villager (Male) |
| 11:04 | Build | Market |
| 11:16 | Create | Villager (Male) |
| 11:56 | Research | Castle Age |
| 12:09 | Build | Mining Camp |
| 12:15 | Build | House |
| 12:18 | Create | Villager (Male) |
| 12:26 | Research | Double-Bit Axe |
| 12:46 | Build | Mining Camp |
| 13:06 | Create | Villager (Male) |
| 13:10 | Research | Gold Mining |
| 13:14 | Research | Horse Collar |
| 14:36 | Age | Castle Age |
| 14:41 | Build | Town Center |
| 15:06 | Build | Siege Workshop |
| 15:47 | Create | Villager (Male) |
| 15:49 | Create | Villager (Male) |
| 15:56 | Build | House |
| 15:58 | Create | Scorpion |
| 16:14 | Create | Villager (Male) |
| 16:14 | Create | Villager (Male) |
| 16:14 | Create | Villager (Male) |
| 16:15 | Create | Villager (Male) |
| 16:20 | Build | Farm |
| 16:26 | Build | House |
| 16:40 | Create | Scorpion |
| 17:05 | Create | Battering Ram |
| 17:17 | Create | Villager (Male) |
| 17:18 | Create | Villager (Male) |
| 17:23 | Build | Farm |
| 17:29 | Build | Farm |
| 17:39 | Create | Scorpion |
| 17:52 | Build | Farm |
| 17:55 | Build | Farm |
| 17:59 | Build | Farm |
| 18:21 | Create | Villager (Male) |
| 18:21 | Create | Villager (Male) |
| 18:21 | Create | Villager (Male) |
| 18:46 | Create | Scorpion |
| 19:31 | Create | Villager (Male) |
| 19:31 | Create | Villager (Male) |
| 19:31 | Create | Villager (Male) |
| 19:38 | Build | Farm |
| 19:46 | Build | Farm |
| 19:48 | Build | Farm |
| 19:54 | Build | Farm |
| 19:56 | Build | Farm |
| 19:59 | Create | Villager (Male) |
| 19:59 | Create | Villager (Male) |
| 20:08 | Create | Mangonel |
| 20:11 | Create | Scorpion |
| 20:28 | Create | Villager (Male) |
| 20:28 | Create | Villager (Male) |
| 20:28 | Create | Villager (Male) |
| 20:28 | Create | Villager (Male) |
| 20:37 | Build | House |
| 20:47 | Build | Castle |
| 21:23 | Build | House |
| 21:24 | Create | Villager (Male) |
| 21:24 | Create | Villager (Male) |
| 21:25 | Create | Villager (Male) |
| 21:25 | Create | Villager (Male) |
| 21:36 | Build | Farm |
| 21:37 | Build | Farm |
| 21:38 | Build | Farm |
| 21:39 | Build | Farm |
| 21:56 | Build | House |
| 22:12 | Build | Mining Camp |
| 22:32 | Build | Siege Workshop |
| 22:41 | Build | House |
| 22:45 | Create | Villager (Male) |
| 22:46 | Create | Villager (Male) |
| 22:52 | Research | Heavy Plow |
| 23:07 | Create | Scorpion |
| 23:10 | Create | Villager (Male) |
| 23:11 | Create | Villager (Male) |
| 23:50 | Build | Barracks |
| 23:53 | Create | Villager (Male) |
| 23:53 | Create | Villager (Male) |
| 23:53 | Create | Villager (Male) |
| 24:00 | Build | House |
| 24:16 | Create | Villager (Male) |
| 24:16 | Create | Villager (Male) |
| 24:42 | Build | University |
| 24:47 | Create | Villager (Male) |
| 25:01 | Build | House |
| 25:24 | Build | Barracks |
| 25:38 | Create | Villager (Male) |
| 25:38 | Create | Villager (Male) |
| 25:43 | Build | House |
| 26:04 | Research | Imperial Age |
| 26:23 | Build | Barracks |
| 27:01 | Build | House |
| 27:22 | Build | Archery Range |
| 27:28 | Build | Archery Range |
| 27:33 | Build | House |
| 27:44 | Create | Villager (Male) |
| 27:46 | Create | Villager (Male) |
| 27:48 | Create | Villager (Male) |
| 27:54 | Research | Forging |
| 27:54 | Research | Scale Mail Armor |
| 27:57 | Research | Fletching |
| 28:02 | Create | Scorpion |
| 28:02 | Create | Scorpion |
| 28:02 | Create | Scorpion |
| 28:02 | Create | Scorpion |
| 28:03 | Create | Scorpion |
| 28:03 | Create | Scorpion |
| 28:25 | Build | Castle |
| 28:31 | Research | Elite Skirmisher (upgrade) |
| 28:37 | Build | House |
| 29:14 | Age | Imperial Age |
| 29:28 | Build | Archery Range |
| 29:32 | Create | Skirmisher |
| 29:32 | Create | Skirmisher |
| 29:32 | Create | Skirmisher |
| 29:32 | Create | Skirmisher |
| 29:32 | Create | Skirmisher |
| 29:33 | Create | Skirmisher |
Build order — BottleDry
First 150 of 379 actions detected
| 0:01 | Create | Villager (Male) |
| 0:01 | Create | Villager (Male) |
| 0:01 | Create | Villager (Male) |
| 0:02 | Create | Villager (Male) |
| 0:03 | Build | House |
| 0:05 | Build | House |
| 1:20 | Create | Villager (Male) |
| 1:48 | Create | Villager (Male) |
| 2:06 | Create | Villager (Male) |
| 2:06 | Create | Villager (Male) |
| 2:14 | Build | Lumber Camp |
| 2:35 | Create | Villager (Male) |
| 3:02 | Create | Villager (Male) |
| 3:24 | Create | Villager (Male) |
| 3:54 | Build | House |
| 4:05 | Create | Villager (Male) |
| 4:19 | Create | Villager (Male) |
| 4:32 | Create | Villager (Male) |
| 4:41 | Build | House |
| 4:44 | Build | Mill |
| 4:50 | Build | Mill |
| 4:55 | Create | Villager (Male) |
| 4:56 | Create | Villager (Male) |
| 5:35 | Create | Villager (Male) |
| 5:40 | Create | Villager (Male) |
| 6:04 | Create | Villager (Male) |
| 6:04 | Create | Villager (Male) |
| 6:26 | Build | Mining Camp |
| 6:38 | Create | Villager (Male) |
| 7:24 | Create | Villager (Male) |
| 8:28 | Build | Lumber Camp |
| 8:45 | Create | Villager (Male) |
| 8:47 | Research | Feudal Age |
| 8:59 | Build | House |
| 9:40 | Create | Villager (Male) |
| 9:41 | Create | Villager (Male) |
| 10:59 | Age | Feudal Age |
| 11:00 | Create | Villager (Male) |
| 11:04 | Build | Market |
| 11:09 | Build | Blacksmith |
| 11:20 | Research | Double-Bit Axe |
| 11:28 | Research | Horse Collar |
| 11:38 | Build | Mill |
| 11:58 | Create | Villager (Male) |
| 12:10 | Research | Loom |
| 12:16 | Build | House |
| 13:11 | Create | Villager (Male) |
| 13:37 | Research | Castle Age |
| 13:45 | Build | Barracks |
| 13:53 | Build | Mining Camp |
| 14:12 | Research | Horse Collar |
| 14:26 | Create | Villager (Male) |
| 14:54 | Research | Stone Mining |
| 15:21 | Build | Stone Wall |
| 15:22 | Build | Stone Wall |
| 15:23 | Build | Stone Wall |
| 15:24 | Build | Stone Wall |
| 15:29 | Build | Gate |
| 15:33 | Build | Stone Wall |
| 15:34 | Build | Stone Wall |
| 15:40 | Build | Stone Wall |
| 15:58 | Create | Villager (Male) |
| 16:02 | Build | Farm |
| 16:02 | Build | Farm |
| 16:02 | Build | Farm |
| 16:02 | Build | Farm |
| 16:03 | Build | Farm |
| 16:03 | Build | Farm |
| 16:03 | Build | Farm |
| 16:17 | Age | Castle Age |
| 16:22 | Create | Villager (Male) |
| 16:29 | Create | Villager (Male) |
| 16:34 | Build | Farm |
| 16:46 | Build | Farm |
| 16:52 | Build | Town Center |
| 16:54 | Create | Villager (Male) |
| 17:03 | Build | Gate |
| 17:16 | Build | Farm |
| 17:18 | Build | Farm |
| 17:29 | Build | House |
| 17:30 | Create | Villager (Male) |
| 17:35 | Build | Farm |
| 17:43 | Build | House |
| 17:56 | Create | Villager (Male) |
| 18:01 | Create | Villager (Male) |
| 18:02 | Create | Villager (Male) |
| 18:18 | Build | Farm |
| 18:19 | Create | Villager (Male) |
| 18:27 | Create | Villager (Male) |
| 18:34 | Build | Farm |
| 18:48 | Build | House |
| 18:54 | Build | Farm |
| 18:55 | Build | Farm |
| 19:05 | Create | Villager (Male) |
| 19:10 | Create | Villager (Male) |
| 19:22 | Create | Villager (Male) |
| 19:31 | Create | Villager (Male) |
| 19:31 | Create | Villager (Male) |
| 19:32 | Create | Villager (Male) |
| 19:32 | Create | Villager (Male) |
| 19:47 | Build | Stable |
| 19:48 | Create | Villager (Male) |
| 19:52 | Create | Villager (Male) |
| 20:16 | Create | Villager (Male) |
| 20:31 | Build | Mining Camp |
| 20:33 | Create | Villager (Male) |
| 20:47 | Research | Heavy Plow |
| 21:01 | Build | Castle |
| 21:09 | Build | Castle |
| 21:12 | Create | Villager (Male) |
| 21:19 | Research | Gold Mining |
| 21:20 | Create | Villager (Male) |
| 21:22 | Create | Villager (Male) |
| 21:23 | Create | Villager (Male) |
| 21:28 | Build | Farm |
| 21:30 | Build | Farm |
| 21:35 | Build | Farm |
| 21:44 | Create | Villager (Male) |
| 21:51 | Build | Farm |
| 21:52 | Create | Villager (Male) |
| 21:58 | Create | Villager (Male) |
| 22:07 | Build | Siege Workshop |
| 22:12 | Create | Villager (Male) |
| 22:25 | Research | Wheelbarrow |
| 22:34 | Build | House |
| 22:37 | Create | Mangudai |
| 22:42 | Create | Villager (Male) |
| 22:46 | Create | Villager (Male) |
| 22:57 | Create | Scout Cavalry |
| 23:02 | Research | Bow Saw |
| 23:09 | Build | Mill |
| 23:20 | Create | Mangudai |
| 23:20 | Create | Mangudai |
| 23:21 | Create | Villager (Male) |
| 23:25 | Research | Padded Archer Armor |
| 23:25 | Research | Fletching |
| 23:35 | Research | Husbandry |
| 23:40 | Create | Villager (Male) |
| 23:45 | Create | Villager (Male) |
| 23:50 | Build | Lumber Camp |
| 23:58 | Create | Villager (Male) |
| 24:01 | Build | Farm |
| 24:03 | Build | Farm |
| 24:05 | Build | Farm |
| 24:21 | Create | Villager (Male) |
| 24:29 | Create | Mangudai |
| 24:30 | Create | Mangudai |
| 24:32 | Research | Leather Archer Armor |
| 24:40 | Create | Villager (Male) |
| 24:43 | Create | Villager (Male) |
Build order — Rookie
First 150 of 356 actions detected
| 0:02 | Create | Villager (Male) |
| 0:02 | Create | Villager (Male) |
| 0:03 | Create | Villager (Male) |
| 0:03 | Create | Villager (Male) |
| 0:06 | Build | House |
| 0:08 | Build | House |
| 1:28 | Create | Villager (Male) |
| 1:29 | Create | Villager (Male) |
| 2:11 | Create | Villager (Male) |
| 2:12 | Create | Villager (Male) |
| 2:12 | Create | Villager (Male) |
| 2:41 | Create | Villager (Male) |
| 2:45 | Create | Villager (Male) |
| 2:46 | Create | Villager (Male) |
| 3:26 | Build | Lumber Camp |
| 3:35 | Create | Villager (Male) |
| 3:35 | Create | Villager (Male) |
| 3:35 | Create | Villager (Male) |
| 4:05 | Build | House |
| 4:39 | Create | Villager (Male) |
| 5:03 | Create | Villager (Male) |
| 5:03 | Create | Villager (Male) |
| 5:33 | Build | Mill |
| 6:12 | Create | Villager (Male) |
| 6:18 | Build | House |
| 6:45 | Build | House |
| 6:50 | Create | Villager (Male) |
| 7:12 | Create | Villager (Male) |
| 7:25 | Build | House |
| 7:37 | Research | Feudal Age |
| 9:10 | Create | Villager (Male) |
| 9:11 | Create | Villager (Male) |
| 9:50 | Age | Feudal Age |
| 10:28 | Create | Villager (Male) |
| 10:28 | Create | Villager (Male) |
| 10:46 | Build | Mining Camp |
| 10:53 | Create | Villager (Male) |
| 11:43 | Create | Villager (Male) |
| 11:43 | Create | Villager (Male) |
| 12:13 | Build | Market |
| 12:15 | Build | Blacksmith |
| 12:27 | Create | Villager (Male) |
| 12:38 | Research | Double-Bit Axe |
| 12:48 | Create | Villager (Male) |
| 13:08 | Build | Farm |
| 13:08 | Build | Farm |
| 13:08 | Build | Farm |
| 13:09 | Build | Farm |
| 13:10 | Build | Farm |
| 13:10 | Build | Farm |
| 13:10 | Build | Farm |
| 13:12 | Build | Farm |
| 13:13 | Build | Farm |
| 13:34 | Create | Villager (Male) |
| 13:41 | Build | Farm |
| 13:48 | Build | House |
| 14:06 | Build | Farm |
| 14:07 | Create | Villager (Male) |
| 14:11 | Research | Loom |
| 14:14 | Research | Wheelbarrow |
| 14:15 | Research | Town Watch |
| 14:49 | Build | Mining Camp |
| 15:23 | Research | Castle Age |
| 16:05 | Research | Horse Collar |
| 17:29 | Build | Barracks |
| 18:22 | Research | Gold Mining |
| 18:23 | Research | Stone Mining |
| 19:17 | Age | Castle Age |
| 19:22 | Build | Town Center |
| 19:25 | Build | Town Center |
| 19:41 | Create | Villager (Male) |
| 19:42 | Create | Villager (Male) |
| 19:42 | Create | Villager (Male) |
| 19:58 | Build | Archery Range |
| 20:33 | Create | Villager (Male) |
| 20:34 | Create | Villager (Male) |
| 20:45 | Create | Villager (Male) |
| 20:45 | Create | Villager (Male) |
| 20:46 | Create | Villager (Male) |
| 20:46 | Create | Villager (Male) |
| 21:10 | Create | Villager (Male) |
| 21:10 | Create | Villager (Male) |
| 21:10 | Create | Villager (Male) |
| 21:12 | Create | Villager (Male) |
| 21:17 | Build | Farm |
| 21:17 | Build | Farm |
| 21:18 | Build | Farm |
| 21:30 | Build | Farm |
| 21:32 | Create | Villager (Male) |
| 21:32 | Create | Villager (Male) |
| 21:34 | Create | Villager (Male) |
| 21:37 | Build | Farm |
| 21:38 | Build | Farm |
| 21:38 | Build | Farm |
| 21:38 | Build | Farm |
| 21:39 | Build | Farm |
| 22:01 | Build | Farm |
| 22:01 | Build | Farm |
| 22:04 | Create | Villager (Male) |
| 22:04 | Create | Villager (Male) |
| 22:06 | Create | Villager (Male) |
| 22:18 | Build | Outpost |
| 22:28 | Build | House |
| 22:29 | Build | House |
| 22:31 | Build | House |
| 22:33 | Build | House |
| 22:35 | Build | House |
| 22:47 | Create | Villager (Male) |
| 22:47 | Create | Villager (Male) |
| 23:05 | Research | Bow Saw |
| 23:17 | Create | Villager (Male) |
| 23:18 | Create | Villager (Male) |
| 23:18 | Create | Villager (Male) |
| 23:47 | Create | Villager (Male) |
| 23:48 | Create | Villager (Male) |
| 23:48 | Create | Villager (Male) |
| 23:53 | Build | Farm |
| 23:58 | Build | Farm |
| 24:03 | Build | Farm |
| 24:09 | Build | Farm |
| 24:14 | Create | Villager (Male) |
| 24:14 | Create | Villager (Male) |
| 24:14 | Create | Villager (Male) |
| 24:22 | Build | Farm |
| 24:29 | Create | Villager (Male) |
| 24:29 | Create | Villager (Male) |
| 25:01 | Build | Castle |
| 25:11 | Build | Mining Camp |
| 25:16 | Build | House |
| 25:17 | Build | House |
| 25:19 | Build | House |
| 25:21 | Build | House |
| 25:24 | Create | Villager (Male) |
| 25:24 | Create | Villager (Male) |
| 25:27 | Research | Town Patrol |
| 25:29 | Research | Hand Cart |
| 25:30 | Create | Villager (Male) |
| 25:30 | Create | Villager (Male) |
| 25:47 | Build | University |
| 25:55 | Research | Heavy Plow |
| 25:58 | Research | Fletching |
| 25:59 | Research | Padded Archer Armor |
| 26:12 | Build | Farm |
| 26:12 | Build | Farm |
| 26:12 | Build | Farm |
| 26:12 | Build | Farm |
| 26:21 | Build | Farm |
| 26:21 | Build | Farm |
| 26:24 | Create | Villager (Male) |
| 26:24 | Create | Villager (Male) |
Build order — Azom
First 150 of 370 actions detected
| 0:03 | Create | Villager (Male) |
| 0:03 | Create | Villager (Male) |
| 0:05 | Build | House |
| 0:11 | Build | House |
| 0:13 | Build | House |
| 0:34 | Create | Villager (Male) |
| 0:34 | Create | Villager (Male) |
| 0:35 | Create | Villager (Male) |
| 1:47 | Create | Villager (Male) |
| 1:47 | Create | Villager (Male) |
| 2:01 | Create | Villager (Male) |
| 2:01 | Create | Villager (Male) |
| 2:44 | Create | Villager (Male) |
| 2:45 | Create | Villager (Male) |
| 3:01 | Build | House |
| 3:02 | Build | House |
| 3:02 | Build | House |
| 3:02 | Build | House |
| 3:03 | Build | House |
| 3:09 | Create | Villager (Male) |
| 3:10 | Create | Villager (Male) |
| 3:10 | Create | Villager (Male) |
| 3:44 | Create | Villager (Male) |
| 3:45 | Create | Villager (Male) |
| 3:45 | Create | Villager (Male) |
| 4:25 | Build | Lumber Camp |
| 4:49 | Create | Villager (Male) |
| 4:49 | Create | Villager (Male) |
| 4:49 | Create | Villager (Male) |
| 4:50 | Create | Villager (Male) |
| 5:31 | Create | Villager (Male) |
| 5:51 | Create | Villager (Male) |
| 6:26 | Build | Mill |
| 6:33 | Create | Villager (Male) |
| 7:11 | Create | Villager (Male) |
| 7:40 | Create | Villager (Male) |
| 8:33 | Create | Villager (Male) |
| 8:46 | Build | Mining Camp |
| 8:59 | Research | Feudal Age |
| 10:19 | Build | Mill |
| 10:55 | Build | Farm |
| 10:58 | Build | Farm |
| 11:00 | Create | Villager (Male) |
| 11:00 | Create | Villager (Male) |
| 11:10 | Age | Feudal Age |
| 11:18 | Build | Farm |
| 11:22 | Build | Farm |
| 11:30 | Build | Farm |
| 11:37 | Create | Villager (Male) |
| 12:08 | Research | Town Watch |
| 12:20 | Build | Market |
| 12:33 | Build | Blacksmith |
| 12:50 | Research | Loom |
| 13:05 | Research | Castle Age |
| 13:05 | Research | Castle Age |
| 13:18 | Build | Mining Camp |
| 14:02 | Build | Barracks |
| 15:18 | Build | Outpost |
| 15:19 | Create | Spearman |
| 15:24 | Build | House |
| 15:55 | Age | Castle Age |
| 15:56 | Create | Villager (Male) |
| 15:56 | Create | Villager (Male) |
| 16:00 | Research | Double-Bit Axe |
| 16:20 | Create | Spearman |
| 16:42 | Create | Villager (Male) |
| 17:03 | Create | Villager (Male) |
| 17:13 | Build | Siege Workshop |
| 17:19 | Build | House |
| 17:35 | Build | Farm |
| 17:43 | Build | Lumber Camp |
| 17:48 | Build | Lumber Camp |
| 17:57 | Create | Villager (Male) |
| 18:22 | Create | Mangonel |
| 18:26 | Create | Villager (Male) |
| 18:36 | Build | Stone Wall |
| 18:37 | Build | Stone Wall |
| 18:38 | Build | Stone Wall |
| 18:39 | Build | Stone Wall |
| 18:57 | Build | Castle |
| 19:17 | Create | Villager (Male) |
| 19:30 | Create | Villager (Male) |
| 19:59 | Build | Outpost |
| 20:15 | Create | Villager (Male) |
| 20:53 | Create | Villager (Male) |
| 20:57 | Build | Farm |
| 21:00 | Build | Farm |
| 21:03 | Build | Farm |
| 21:06 | Create | Villager (Male) |
| 21:47 | Create | Villager (Male) |
| 21:53 | Build | Farm |
| 22:04 | Create | Villager (Male) |
| 22:17 | Build | Farm |
| 22:24 | Build | Farm |
| 22:26 | Build | Farm |
| 22:32 | Create | Villager (Male) |
| 22:46 | Build | Farm |
| 23:00 | Build | Farm |
| 23:05 | Create | Villager (Male) |
| 23:10 | Build | Farm |
| 23:28 | Create | Villager (Male) |
| 23:47 | Build | Farm |
| 23:49 | Create | Villager (Male) |
| 23:59 | Build | Farm |
| 24:03 | Create | Villager (Male) |
| 24:29 | Build | Farm |
| 24:38 | Research | Imperial Age |
| 24:39 | Research | Imperial Age |
| 24:59 | Research | Gold Mining |
| 25:12 | Research | Bow Saw |
| 25:19 | Research | Horse Collar |
| 25:20 | Research | Horse Collar |
| 26:02 | Build | University |
| 26:50 | Build | Siege Workshop |
| 27:15 | Create | Villager (Male) |
| 27:15 | Create | Villager (Male) |
| 27:48 | Age | Imperial Age |
| 27:49 | Research | Chemistry |
| 27:50 | Research | Chemistry |
| 27:55 | Research | Conscription |
| 28:21 | Create | Villager (Male) |
| 28:26 | Build | Town Center |
| 28:30 | Create | Villager (Male) |
| 28:47 | Create | Bombard Cannon |
| 28:47 | Create | Bombard Cannon |
| 28:49 | Create | Villager (Male) |
| 28:56 | Build | Siege Workshop |
| 29:03 | Create | Villager (Male) |
| 29:22 | Create | Bombard Cannon |
| 29:27 | Create | Bombard Cannon |
| 29:30 | Create | Villager (Male) |
| 29:30 | Create | Villager (Male) |
| 29:35 | Create | Villager (Male) |
| 29:45 | Create | Bombard Cannon |
| 29:53 | Create | Villager (Male) |
| 30:07 | Create | Bombard Cannon |
| 30:15 | Create | Villager (Male) |
| 30:23 | Build | House |
| 30:27 | Build | House |
| 30:31 | Build | House |
| 30:32 | Build | House |
| 31:00 | Create | Bombard Cannon |
| 31:02 | Research | Fletching |
| 31:24 | Build | House |
| 31:24 | Build | House |
| 31:53 | Create | Genoese Crossbowman |
| 31:53 | Create | Genoese Crossbowman |
| 32:00 | Research | Bodkin Arrow |
| 32:00 | Research | Bodkin Arrow |
| 32:07 | Create | Genoese Crossbowman |
Build order — SamyTheSeal
First 150 of 305 actions detected
| 0:03 | Create | Villager (Male) |
| 0:06 | Build | House |
| 0:07 | Build | House |
| 0:19 | Create | Villager (Male) |
| 0:38 | Create | Villager (Male) |
| 1:09 | Create | Villager (Male) |
| 1:40 | Create | Villager (Male) |
| 1:55 | Create | Villager (Male) |
| 2:31 | Create | Villager (Male) |
| 2:50 | Create | Villager (Male) |
| 3:00 | Build | Lumber Camp |
| 3:06 | Create | Villager (Male) |
| 3:45 | Create | Villager (Male) |
| 4:03 | Build | House |
| 4:12 | Create | Villager (Male) |
| 4:45 | Research | Loom |
| 4:52 | Build | House |
| 4:56 | Build | Mill |
| 5:23 | Create | Villager (Male) |
| 5:24 | Create | Villager (Male) |
| 5:50 | Create | Villager (Male) |
| 6:26 | Create | Villager (Male) |
| 6:39 | Create | Villager (Male) |
| 7:07 | Create | Villager (Male) |
| 7:31 | Create | Villager (Male) |
| 7:55 | Create | Villager (Male) |
| 8:25 | Create | Villager (Male) |
| 8:33 | Create | Villager (Male) |
| 8:48 | Create | Villager (Male) |
| 9:15 | Build | House |
| 9:17 | Build | House |
| 9:24 | Research | Feudal Age |
| 9:44 | Create | Villager (Male) |
| 10:04 | Create | Villager (Male) |
| 10:27 | Create | Villager (Male) |
| 10:47 | Create | Villager (Male) |
| 11:11 | Build | Mining Camp |
| 11:21 | Build | Mining Camp |
| 11:35 | Build | Mill |
| 11:40 | Create | Villager (Male) |
| 11:43 | Age | Feudal Age |
| 11:57 | Build | Market |
| 11:59 | Create | Villager (Male) |
| 12:07 | Build | Blacksmith |
| 12:11 | Create | Villager (Male) |
| 12:55 | Create | Villager (Male) |
| 13:44 | Create | Villager (Male) |
| 13:49 | Build | Farm |
| 13:49 | Build | Farm |
| 13:50 | Build | Farm |
| 13:50 | Build | Farm |
| 13:50 | Build | Farm |
| 13:50 | Build | Farm |
| 13:51 | Build | Farm |
| 13:51 | Build | Farm |
| 13:51 | Build | Farm |
| 14:08 | Build | House |
| 14:10 | Create | Villager (Male) |
| 14:28 | Build | Farm |
| 14:50 | Research | Castle Age |
| 15:04 | Build | Farm |
| 15:14 | Create | Villager (Male) |
| 15:28 | Create | Villager (Male) |
| 15:40 | Build | House |
| 15:43 | Build | House |
| 15:44 | Build | House |
| 15:53 | Create | Villager (Male) |
| 16:37 | Build | Barracks |
| 16:49 | Create | Villager (Male) |
| 17:44 | Age | Castle Age |
| 17:50 | Build | Town Center |
| 17:59 | Create | Villager (Male) |
| 18:13 | Create | Villager (Male) |
| 18:19 | Create | Spearman |
| 18:19 | Create | Spearman |
| 18:26 | Create | Villager (Male) |
| 18:37 | Build | Town Center |
| 18:56 | Create | Villager (Male) |
| 19:44 | Create | Spearman |
| 19:44 | Create | Spearman |
| 19:47 | Create | Villager (Male) |
| 20:02 | Build | Lumber Camp |
| 20:03 | Research | Double-Bit Axe |
| 20:05 | Create | Villager (Male) |
| 20:05 | Create | Villager (Male) |
| 20:05 | Create | Villager (Male) |
| 20:05 | Create | Villager (Male) |
| 20:06 | Create | Villager (Male) |
| 20:06 | Create | Villager (Male) |
| 20:06 | Create | Villager (Male) |
| 20:09 | Create | Villager (Male) |
| 20:10 | Create | Villager (Male) |
| 20:10 | Create | Villager (Male) |
| 20:17 | Create | Villager (Male) |
| 20:17 | Create | Villager (Male) |
| 20:18 | Create | Villager (Male) |
| 20:27 | Create | Spearman |
| 20:27 | Create | Spearman |
| 20:27 | Create | Spearman |
| 20:27 | Create | Spearman |
| 20:36 | Build | House |
| 20:43 | Create | Villager (Male) |
| 20:44 | Create | Villager (Male) |
| 21:02 | Create | Villager (Male) |
| 21:02 | Create | Villager (Male) |
| 21:24 | Build | Monastery |
| 21:43 | Build | House |
| 21:47 | Build | House |
| 21:59 | Build | University |
| 22:00 | Create | Villager (Male) |
| 22:27 | Create | Monk |
| 22:27 | Create | Monk |
| 22:42 | Research | Pikeman (upgrade) |
| 22:48 | Create | Villager (Male) |
| 22:49 | Create | Villager (Male) |
| 22:50 | Create | Villager (Male) |
| 22:54 | Build | Farm |
| 22:54 | Build | Farm |
| 22:55 | Build | Farm |
| 22:55 | Build | Farm |
| 22:55 | Build | Farm |
| 22:59 | Build | House |
| 23:05 | Build | Mining Camp |
| 23:12 | Create | Villager (Male) |
| 23:16 | Build | Farm |
| 23:16 | Build | Farm |
| 23:16 | Build | Farm |
| 23:17 | Build | Farm |
| 23:17 | Build | Farm |
| 23:17 | Build | Farm |
| 23:27 | Build | Farm |
| 23:28 | Build | Farm |
| 23:29 | Build | Farm |
| 23:35 | Build | Mill |
| 23:38 | Research | Horse Collar |
| 23:46 | Build | Farm |
| 23:48 | Build | Farm |
| 24:33 | Research | Scale Mail Armor |
| 24:34 | Create | Villager (Male) |
| 24:34 | Create | Villager (Male) |
| 24:42 | Build | House |
| 24:43 | Build | House |
| 24:44 | Build | House |
| 24:52 | Build | Farm |
| 24:53 | Build | Farm |
| 24:55 | Build | Farm |
| 24:58 | Build | Farm |
| 24:59 | Build | Farm |
| 25:05 | Build | Lumber Camp |
| 25:15 | Create | Villager (Male) |
Build order — ihhn0t
First 150 of 330 actions detected
| 0:14 | Create | Villager (Male) |
| 0:14 | Create | Villager (Male) |
| 0:14 | Create | Villager (Male) |
| 0:14 | Create | Villager (Male) |
| 0:18 | Build | House |
| 0:22 | Build | House |
| 2:09 | Create | Villager (Male) |
| 2:10 | Create | Villager (Male) |
| 2:10 | Create | Villager (Male) |
| 2:10 | Create | Villager (Male) |
| 2:43 | Build | Lumber Camp |
| 2:55 | Create | Villager (Male) |
| 2:56 | Create | Villager (Male) |
| 3:29 | Create | Villager (Male) |
| 3:29 | Create | Villager (Male) |
| 3:29 | Create | Villager (Male) |
| 3:29 | Create | Villager (Male) |
| 3:47 | Create | Villager (Male) |
| 4:21 | Build | House |
| 4:24 | Build | House |
| 4:34 | Create | Villager (Male) |
| 4:34 | Create | Villager (Male) |
| 4:35 | Create | Villager (Male) |
| 5:11 | Build | Mill |
| 5:13 | Create | Villager (Male) |
| 5:13 | Create | Villager (Male) |
| 5:14 | Create | Villager (Male) |
| 6:25 | Create | Villager (Male) |
| 6:25 | Create | Villager (Male) |
| 6:26 | Create | Villager (Male) |
| 6:26 | Create | Villager (Male) |
| 6:58 | Build | Mill |
| 7:33 | Create | Villager (Male) |
| 8:16 | Create | Villager (Male) |
| 8:46 | Research | Feudal Age |
| 8:52 | Build | Mining Camp |
| 10:52 | Create | Villager (Male) |
| 10:52 | Create | Villager (Male) |
| 10:55 | Age | Feudal Age |
| 11:01 | Build | Market |
| 11:07 | Build | Blacksmith |
| 11:19 | Build | House |
| 11:26 | Create | Villager (Male) |
| 12:04 | Research | Castle Age |
| 12:05 | Research | Castle Age |
| 12:34 | Research | Double-Bit Axe |
| 12:34 | Research | Double-Bit Axe |
| 12:37 | Research | Horse Collar |
| 13:08 | Build | Farm |
| 13:13 | Build | Farm |
| 13:23 | Build | Farm |
| 13:32 | Build | Farm |
| 13:39 | Build | Farm |
| 14:31 | Build | House |
| 14:35 | Build | House |
| 14:41 | Create | Villager (Male) |
| 14:41 | Create | Villager (Male) |
| 14:51 | Age | Castle Age |
| 14:59 | Build | Town Center |
| 15:07 | Create | Villager (Male) |
| 15:36 | Build | House |
| 15:54 | Build | Lumber Camp |
| 15:55 | Create | Villager (Male) |
| 15:55 | Create | Villager (Male) |
| 15:55 | Create | Villager (Male) |
| 16:23 | Build | Farm |
| 16:26 | Create | Villager (Male) |
| 16:26 | Create | Villager (Male) |
| 16:47 | Build | House |
| 16:51 | Create | Villager (Male) |
| 16:51 | Create | Villager (Male) |
| 17:06 | Research | Bow Saw |
| 17:22 | Build | Farm |
| 17:26 | Create | Villager (Male) |
| 17:26 | Create | Villager (Male) |
| 17:30 | Build | House |
| 17:31 | Build | House |
| 17:33 | Build | House |
| 17:38 | Create | Villager (Male) |
| 17:38 | Create | Villager (Male) |
| 17:43 | Build | Farm |
| 17:48 | Build | Farm |
| 17:58 | Create | Villager (Male) |
| 17:58 | Create | Villager (Male) |
| 18:03 | Build | Farm |
| 18:05 | Build | Farm |
| 18:08 | Create | Villager (Male) |
| 18:08 | Create | Villager (Male) |
| 18:23 | Build | Farm |
| 18:27 | Build | Farm |
| 18:29 | Build | Farm |
| 18:29 | Build | Farm |
| 18:30 | Build | Farm |
| 18:31 | Build | Farm |
| 18:32 | Build | Farm |
| 18:32 | Build | Farm |
| 18:35 | Create | Villager (Male) |
| 18:35 | Create | Villager (Male) |
| 18:45 | Build | Farm |
| 19:14 | Build | Castle |
| 19:29 | Build | Castle |
| 19:34 | Build | Mining Camp |
| 19:38 | Create | Villager (Male) |
| 19:38 | Create | Villager (Male) |
| 19:38 | Create | Villager (Male) |
| 19:38 | Create | Villager (Male) |
| 19:43 | Build | Farm |
| 19:44 | Build | Farm |
| 19:45 | Build | Farm |
| 19:46 | Build | Farm |
| 19:50 | Create | Villager (Male) |
| 19:50 | Create | Villager (Male) |
| 19:50 | Create | Villager (Male) |
| 20:08 | Build | Town Center |
| 20:17 | Build | House |
| 20:18 | Build | House |
| 20:20 | Build | House |
| 20:23 | Create | Villager (Male) |
| 20:23 | Create | Villager (Male) |
| 20:30 | Build | Farm |
| 20:33 | Build | Farm |
| 20:39 | Create | Villager (Male) |
| 20:39 | Create | Villager (Male) |
| 20:39 | Create | Villager (Male) |
| 20:45 | Build | Farm |
| 20:52 | Build | Farm |
| 21:10 | Create | Villager (Male) |
| 21:10 | Create | Villager (Male) |
| 21:19 | Build | Farm |
| 21:26 | Build | Farm |
| 21:36 | Build | Farm |
| 21:47 | Build | Farm |
| 21:50 | Create | Villager (Male) |
| 21:50 | Create | Villager (Male) |
| 21:51 | Create | Villager (Male) |
| 21:51 | Create | Villager (Male) |
| 22:05 | Build | Farm |
| 22:07 | Build | Farm |
| 22:08 | Build | Farm |
| 22:16 | Build | Farm |
| 22:17 | Build | Farm |
| 22:21 | Build | Farm |
| 22:23 | Create | Villager (Male) ×5 |
| 22:35 | Build | House |
| 22:36 | Build | House |
| 22:38 | Build | House |
| 22:41 | Build | House |
| 22:42 | Build | House |
| 22:43 | Build | House |
| 22:45 | Build | House |
Match timeline
| 9:30 | bastefan · first_building Barracks |
| 9:50 | Rookie · age_up feudal |
| 9:56 | Sebz · age_up feudal |
| 10:49 | bastefan · age_up feudal |
| 10:53 | ASV · age_up feudal |
| 10:55 | ihhn0t · age_up feudal |
| 10:59 | BottleDry · age_up feudal |
| 11:10 | Azom · age_up feudal |
| 11:43 | SamyTheSeal · age_up feudal |
| 11:54 | Sebz · first_market_sell 100 stone |
| 12:59 | BottleDry · first_market_buy 100 food |
| 13:45 | BottleDry · first_building Barracks |
| 13:53 | Sebz · first_market_buy 100 wood |
| 14:02 | Azom · first_building Barracks |
| 14:36 | Sebz · age_up castle |
| 14:51 | ihhn0t · age_up castle |
| 15:06 | Sebz · first_building Siege Workshop |
| 15:21 | BottleDry · wall_segment Stone Wall x1 |
| 15:22 | BottleDry · wall_segment Stone Wall x1 |
| 15:23 | BottleDry · wall_segment Stone Wall x1 |
| 15:24 | BottleDry · wall_segment Stone Wall x1 |
| 15:33 | BottleDry · wall_segment Stone Wall x1 |
| 15:34 | BottleDry · wall_segment Stone Wall x1 |
| 15:40 | BottleDry · wall_segment Stone Wall x8 |
| 15:55 | Azom · age_up castle |
| 16:17 | BottleDry · age_up castle |
| 16:28 | ASV · age_up castle |
| 16:36 | ASV · first_building Siege Workshop |
| 16:37 | SamyTheSeal · first_building Barracks |
| 16:49 | bastefan · first_building Archery Range |
| 17:13 | Azom · first_building Siege Workshop |
| 17:21 | SamyTheSeal · first_market_buy 100 wood |
| 17:29 | Rookie · first_building Barracks |
| 17:44 | SamyTheSeal · age_up castle |
| 18:20 | Azom · first_market_sell 100 food |
| 18:30 | bastefan · age_up castle |
| 18:36 | Azom · wall_segment Stone Wall x1 |
| 18:37 | Azom · wall_segment Stone Wall x1 |
| 18:38 | Azom · wall_segment Stone Wall x1 |
| 18:39 | Azom · wall_segment Stone Wall x1 |
| 18:57 | Azom · first_building Castle |
| 19:03 | bastefan · first_building Castle |
| 19:14 | ihhn0t · first_building Castle |
| 19:17 | Rookie · age_up castle |
| 19:47 | BottleDry · first_building Stable |
| 19:58 | Rookie · first_building Archery Range |
| 20:47 | Sebz · first_building Castle |
| 21:01 | BottleDry · first_building Castle |
| 21:24 | SamyTheSeal · first_building Monastery |
| 22:07 | BottleDry · first_building Siege Workshop |
| 23:50 | Sebz · first_building Barracks |
| 25:01 | Rookie · first_building Castle |
| 25:13 | ASV · first_building Barracks |
| 25:56 | BottleDry · first_market_sell 100 food |
| 26:46 | ASV · first_building Stable |
| 26:53 | SamyTheSeal · first_building Archery Range |
| 27:22 | Sebz · first_building Archery Range |
| 27:48 | Azom · age_up imperial |
| 28:08 | ASV · first_market_sell 100 food |
| 28:15 | ihhn0t · first_building Barracks |
| 28:19 | ASV · first_building Castle |
| 28:22 | ihhn0t · first_building Siege Workshop |
| 28:54 | ihhn0t · first_building Monastery |
| 29:14 | Sebz · age_up imperial |
| 29:44 | ihhn0t · first_building Archery Range |
| 30:34 | ihhn0t · age_up imperial |
| 31:34 | ASV · age_up imperial |
| 31:45 | BottleDry · age_up imperial |
| 31:51 | SamyTheSeal · first_building Siege Workshop |
| 32:13 | ihhn0t · first_market_sell 100 food |
| 32:51 | Rookie · age_up imperial |
| 32:52 | SamyTheSeal · first_building Castle |
| 34:30 | Rookie · first_market_sell 100 food |
| 34:42 | Sebz · first_building Stable |
| 35:06 | bastefan · first_building Stable |
| 36:07 | Azom · first_building Stable |
| 36:38 | bastefan · age_up imperial |
| 36:45 | ihhn0t · first_building Stable |
| 39:42 | ihhn0t · resign |
| 40:18 | SamyTheSeal · age_up imperial |
| 42:44 | Azom · first_market_buy 100 food |
[ AI ANALYSIS · 1 CREDIT ]
What really happened in this match?
Wolo.gg analyzes every decision: build order, eco, micro, common mistakes by bracket. Personalized analysis on WhatsApp or Discord in 30 seconds.
Civ guide
Malians
Perfil
Jugador #4698355